TOP OF THE 1ST |
Springfield Cardinals batting - Pitching for Arkansas Travelers : RHP Greg Powell
|
Pitching: RHP Greg Powell
|
|
Batting: RHB Chad Gutshall
|
0-0: DOUBLE (Line Drive, 89M, EV 95.0 MPH)
|
Batting: SHB Nelson Empasis
|
0-0: Foul Ball, location: 2F 0-1: SINGLE (Groundball, 34D, EV 105.6 MPH) Chad Gutshall to third
|
Batting: RHB Pat Ingles
|
0-0: Called Strike 0-1: Swinging Strike 0-2: Foul Ball, location: 2F 0-2: Ball 1-2: Grounds into double play, 4-6-3 (Groundball, 4, EV 89.4 MPH) Chad Gutshall scores
|
Batting: RHB Carlos Rivera
|
0-0: Ball 1-0: Foul Ball, location: 2F 1-1: Foul Ball, location: 9LDF 1-2: SINGLE (Flyball, 89M, EV 86.3 MPH)
|
Batting: LHB Brian MacNeil
|
0-0: Ball Carlos Rivera steals 2nd base 1-0: Ball 2-0: Called Strike 2-1: Called Strike 2-2: Foul Ball, location: 2F 2-2: Foul Ball, location: 2F 2-2: SINGLE (Groundball, 34D, EV 106.9 MPH) Carlos Rivera to third Runner from 3rd tries for Home, SAFE, throw by RF to home Brian MacNeil to second
|
Batting: LHB Bobby Johnson
|
0-0: Ball 1-0: Ground out 1-3 (Groundball, 34S, EV 70.6 MPH)
|
Top of the 1st over - 2 runs, 4 hits, 0 errors, 1 left on base; Springfield 2 - Arkansas 0 |
BOTTOM OF THE 1ST |
Arkansas Travelers batting - Pitching for Springfield Cardinals : RHP Dave Dugles
|
Pitching: RHP Dave Dugles
|
|
Batting: RHB Matt Paccione
|
0-0: Foul Ball, location: 9LSF 0-1: Ball 1-1: SINGLE (Line Drive, 8RS, EV 100.0 MPH)
|
Batting: RHB Brad Bartley
|
0-0: Called Strike 0-1: Swinging Strike 0-2: Ball 1-2: Fly out, F8 (Flyball, 8RM, EV 89.4 MPH)
|
Batting: RHB Rafael Cabrera
|
Pickoff Throw to First - Out! 1-3 0-0: Swinging Strike 0-1: Swinging Strike 0-2: Ball 1-2: SINGLE (Groundball, 6MD, EV 104.4 MPH)
|
Batting: LHB Josh Armstrong
|
0-0: Ball 1-0: Ball 2-0: Called Strike 2-1: Foul Ball, location: 3SF 2-2: Foul Ball, location: 2F 2-2: Ball 3-2: Foul Ball, location: 2F 3-2: Base on Balls Rafael Cabrera to second
|
Batting: RHB Randy Zito
|
0-0: Swinging Strike 0-1: Ball 1-1: DOUBLE (Flyball, 89D, EV 97.5 MPH) Rafael Cabrera scores Josh Armstrong to third Runner from 3rd tries for Home, SAFE, no throw by RF
|
Batting: LHB Chris Scranton
|
0-0: Ball 1-0: Ball 2-0: Foul Ball, location: 9LMF 2-1: Called Strike 2-2: Ball 3-2: Ground out 6-3 (Groundball, 6, EV 76.3 MPH)
|
Bottom of the 1st over - 2 runs, 3 hits, 0 errors, 1 left on base; Springfield 2 - Arkansas 2 |
TOP OF THE 2ND |
Springfield Cardinals batting - Pitching for Arkansas Travelers : RHP Greg Powell
|
Batting: RHB Xavier Robinson
|
0-0: Ball 1-0: Ball 2-0: Called Strike 2-1: DOUBLE (Flyball, 8LXD, EV 105.6 MPH)
|
Batting: RHB Josh Jones
|
0-0: Foul Ball, location: 2F 0-1: Ground out 6-3 (Groundball, 6, EV 78.1 MPH)
|
Batting: LHB Kyle Diaz
|
0-0: SINGLE (Line Drive, 6MD, EV 98.1 MPH) Xavier Robinson to third
|
Batting: RHB Chad Gutshall
|
0-0: Called Strike Kyle Diaz steals 2nd base 0-1: SINGLE (Line Drive, 7S, EV 85.0 MPH) Xavier Robinson scores Kyle Diaz to third
|
Batting: SHB Nelson Empasis
|
0-0: Ball 1-0: Called Strike 1-1: Single, Error in OF, E8, batter to second base (Line Drive, 8LS, EV 93.8 MPH) Kyle Diaz scores Chad Gutshall to third
|
Batting: RHB Pat Ingles
|
0-0: SINGLE (Line Drive, 4M, EV 98.8 MPH) Chad Gutshall scores Nelson Empasis to third
|
Pitching: RHP Randy James
|
|
Batting: RHB Carlos Rivera
|
0-0: Called Strike 0-1: Swinging Strike 0-2: Foul Ball, location: 2F 0-2: Fly out, F8 (Line Drive, 8LS, EV 103.1 MPH) Runner from 3rd tags up, OUT at HOME! 8-2
|
Top of the 2nd over - 3 runs, 5 hits, 1 error, 1 left on base; Springfield 5 - Arkansas 2 |
BOTTOM OF THE 2ND |
Arkansas Travelers batting - Pitching for Springfield Cardinals : RHP Dave Dugles
|
Batting: RHB Rúbem Dundas
|
0-0: Called Strike 0-1: Ball 1-1: Ball 2-1: SINGLE (Line Drive, 7S, EV 100.0 MPH)
|
Batting: RHB Jim Cook
|
0-0: Ball 1-0: Foul Ball, location: 7LSF 1-1: Swinging Strike 1-2: Ball 2-2: Strikes out swinging
|
Batting: RHB Adam Thatcher
|
0-0: SINGLE (Line Drive, 78S, EV 85.6 MPH) Rúbem Dundas to second
|
Batting: RHB Matt Paccione
|
0-0: Ball 1-0: Called Strike 1-1: Grounds into double play, 6-4-3 (Groundball, 6, EV 88.1 MPH)
|
Bottom of the 2nd over - 0 runs, 2 hits, 0 errors, 1 left on base; Springfield 5 - Arkansas 2 |
TOP OF THE 3RD |
Springfield Cardinals batting - Pitching for Arkansas Travelers : RHP Randy James
|
Batting: LHB Brian MacNeil
|
0-0: Ground out 1-3 (Groundball, 15S, EV 90.0 MPH)
|
Batting: LHB Bobby Johnson
|
0-0: Swinging Strike 0-1: Ball 1-1: Ball 2-1: Called Strike 2-2: Strikes out swinging
|
Batting: RHB Xavier Robinson
|
0-0: Ball 1-0: Called Strike 1-1: Fly out, F3 (Popup, 3SF, EV 83.8 MPH)
|
Top of the 3rd over - 0 runs, 0 hits, 0 errors, 0 left on base; Springfield 5 - Arkansas 2 |
BOTTOM OF THE 3RD |
Arkansas Travelers batting - Pitching for Springfield Cardinals : RHP Dave Dugles
|
Batting: RHB Brad Bartley
|
0-0: Called Strike 0-1: Ball 1-1: Foul Ball, location: 25F 1-2: Foul Ball, location: 9LSF 1-2: SINGLE (Line Drive, 8RS, EV 106.9 MPH)
|
Batting: RHB Rafael Cabrera
|
0-0: Ball 1-0: Ball 2-0: Ball 3-0: Base on Balls Brad Bartley to second
|
Batting: LHB Josh Armstrong
|
0-0: Ball 1-0: Foul Ball, location: 25FF 1-1: Fly out, F9 (Flyball, 9, EV 88.1 MPH)
|
Batting: RHB Randy Zito
|
0-0: Called Strike 0-1: Foul Ball, location: 9LDF 0-2: Ball 1-2: Strikes out swinging
|
Batting: LHB Chris Scranton
|
0-0: Foul Ball, location: 7LSFF 0-1: Foul Ball, location: 25FF 0-2: Strikes out swinging
|
Bottom of the 3rd over - 0 runs, 1 hit, 0 errors, 2 left on base; Springfield 5 - Arkansas 2 |
TOP OF THE 4TH |
Springfield Cardinals batting - Pitching for Arkansas Travelers : RHP Randy James
|
Batting: RHB Josh Jones
|
0-0: Ball 1-0: Ground out 6-3 (Groundball, 6S, EV 89.4 MPH)
|
Batting: LHB Kyle Diaz
|
0-0: Ball 1-0: Ball 2-0: Ball 3-0: Called Strike 3-1: Base on Balls
|
Batting: RHB Chad Gutshall
|
0-0: Ball 1-0: Ball 2-0: Ball 3-0: Called Strike 3-1: Called Strike Kyle Diaz steals 2nd base (no throw) 3-2: Ground out 5-3 (Groundball, 56, EV 82.5 MPH) Kyle Diaz to third
|
Batting: SHB Nelson Empasis
|
0-0: Foul Ball, location: 2F 0-1: Ball 1-1: Ball 2-1: Ball 3-1: Fly out, F9 (Flyball, 9D, EV 98.8 MPH)
|
Top of the 4th over - 0 runs, 0 hits, 0 errors, 1 left on base; Springfield 5 - Arkansas 2 |
BOTTOM OF THE 4TH |
Arkansas Travelers batting - Pitching for Springfield Cardinals : RHP Dave Dugles
|
Batting: RHB Rúbem Dundas
|
0-0: Called Strike 0-1: Foul Ball, location: 5FF 0-2: Ground out 5-3 (Groundball, 5L, EV 103.1 MPH)
|
Batting: RHB Jim Cook
|
0-0: Fly out, F5 (Line Drive, 56, EV 71.9 MPH)
|
Batting: RHB Adam Thatcher
|
0-0: Ball 1-0: Foul Ball, location: 9LSF 1-1: Ball 2-1: SOLO HOME RUN (Flyball, 9D, EV 98.8 MPH), Distance : 368 ft
|
Batting: RHB Matt Paccione
|
0-0: Ball 1-0: Ball 2-0: Called Strike 2-1: Ball 3-1: SINGLE (Line Drive, 4D, EV 109.4 MPH)
|
Batting: RHB Brad Bartley
|
0-0: Called Strike 0-1: Called Strike 0-2: Foul Ball, location: 2F 0-2: Ball 1-2: Strikes out swinging
|
Bottom of the 4th over - 1 run, 2 hits, 0 errors, 1 left on base; Springfield 5 - Arkansas 3 |
TOP OF THE 5TH |
Springfield Cardinals batting - Pitching for Arkansas Travelers : RHP Randy James
|
Batting: RHB Pat Ingles
|
0-0: Called Strike 0-1: SINGLE (Line Drive, 7LM, EV 106.3 MPH)
|
Batting: RHB Carlos Rivera
|
0-0: Ball 1-0: Ball 2-0: Called Strike 2-1: Grounds into double play, 6-4-3 (Groundball, 6, EV 99.4 MPH)
|
Batting: LHB Brian MacNeil
|
0-0: Called Strike 0-1: Foul Ball, location: 7LSF 0-2: Ball 1-2: Ball 2-2: Fly out, F8 (Flyball, 8RD, EV 84.4 MPH)
|
Top of the 5th over - 0 runs, 1 hit, 0 errors, 0 left on base; Springfield 5 - Arkansas 3 |
BOTTOM OF THE 5TH |
Arkansas Travelers batting - Pitching for Springfield Cardinals : RHP Dave Dugles
|
Batting: RHB Rafael Cabrera
|
0-0: Called Strike 0-1: Ground out 5-3 (Groundball, 5, EV 104.4 MPH)
|
Batting: LHB Josh Armstrong
|
0-0: Called Strike 0-1: Foul Ball, location: 7LMF 0-2: Strikes out looking
|
Batting: RHB Randy Zito
|
0-0: Ball 1-0: Ball 2-0: Ground out 5-3 (Groundball, 56, EV 103.1 MPH)
|
Bottom of the 5th over - 0 runs, 0 hits, 0 errors, 0 left on base; Springfield 5 - Arkansas 3 |
TOP OF THE 6TH |
Springfield Cardinals batting - Pitching for Arkansas Travelers : RHP Randy James
|
Pitching: RHP Isiah Howard
|
|
Batting: LHB Bobby Johnson
|
0-0: Called Strike 0-1: Called Strike 0-2: Strikes out looking
|
Batting: RHB Xavier Robinson
|
0-0: Fly out, F8 (Flyball, 8LD, EV 102.5 MPH)
|
Batting: RHB Josh Jones
|
0-0: Swinging Strike 0-1: Foul Ball, location: 2F 0-2: Ball 1-2: Foul Ball, location: 5SF 1-2: Ground out 6-3 (Groundball, 6, EV 108.1 MPH)
|
Top of the 6th over - 0 runs, 0 hits, 0 errors, 0 left on base; Springfield 5 - Arkansas 3 |
BOTTOM OF THE 6TH |
Arkansas Travelers batting - Pitching for Springfield Cardinals : RHP Dave Dugles
|
Batting: LHB Chris Scranton
|
0-0: Ground out 4-3 (Groundball, 4, EV 106.3 MPH)
|
Batting: RHB Rúbem Dundas
|
0-0: Fly out, F8 (Flyball, 8LXD, EV 95.6 MPH)
|
Batting: RHB Jim Cook
|
0-0: Ball 1-0: Ball 2-0: Called Strike 2-1: Foul Ball, location: 2F 2-2: Strikes out swinging
|
Bottom of the 6th over - 0 runs, 0 hits, 0 errors, 0 left on base; Springfield 5 - Arkansas 3 |
TOP OF THE 7TH |
Springfield Cardinals batting - Pitching for Arkansas Travelers : RHP Isiah Howard
|
Pitching: LHP Armando Vega
|
|
Batting: LHB Kyle Diaz
|
0-0: Ball 1-0: Called Strike 1-1: Ball 2-1: DOUBLE (Flyball, 8LXD, EV 78.8 MPH)
|
Batting: RHB Chad Gutshall
|
0-0: Called Strike 0-1: Ground out 5-3 (Groundball, 56, EV 105.6 MPH)
|
Batting: SHB Nelson Empasis
|
0-0: Foul Ball, location: 7LDF 0-1: Swinging Strike 0-2: Ball 1-2: Ball 2-2: Ball 3-2: Ground out 5-3 (Groundball, 56, EV 104.4 MPH)
|
Batting: RHB Pat Ingles
|
0-0: Called Strike 0-1: Ball 1-1: SINGLE (Groundball, 6MD, EV 100.0 MPH) Kyle Diaz to third Runner from 3rd tries for Home, SAFE, throw by CF to home Pat Ingles to second
|
Batting: RHB Carlos Rivera
|
0-0: Fly out, F3 (Line Drive, 3D, EV 71.9 MPH)
|
Top of the 7th over - 1 run, 2 hits, 0 errors, 1 left on base; Springfield 6 - Arkansas 3 |
BOTTOM OF THE 7TH |
Arkansas Travelers batting - Pitching for Springfield Cardinals : RHP Dave Dugles
|
Batting: RHB Adam Thatcher
|
0-0: SINGLE (Flyball, 4MD, EV 94.4 MPH)
|
Batting: RHB Matt Paccione
|
0-0: Grounds into double play, 4-6-3 (Groundball, 4S, EV 78.8 MPH)
|
Pinch Hitting: LHB Justin Mills
|
0-0: Ball 1-0: SINGLE (Line Drive, 4D, EV 104.4 MPH)
|
Batting: RHB Rafael Cabrera
|
0-0: Ball 1-0: Foul Ball, location: 2F 1-1: Ball 2-1: Swinging Strike 2-2: Fielders Choice at 2nd, 5-4 (Groundball, 56, EV 93.1 MPH)
|
Bottom of the 7th over - 0 runs, 2 hits, 0 errors, 1 left on base; Springfield 6 - Arkansas 3 |
TOP OF THE 8TH |
Springfield Cardinals batting - Pitching for Arkansas Travelers : LHP Armando Vega
|
Now in LF: Justin Mills
|
|
Now in CF: Rafael Cabrera
|
|
Batting: LHB Brian MacNeil
|
0-0: Ball 1-0: Called Strike 1-1: Fly out, F7 (Flyball, 78D, EV 106.3 MPH)
|
Batting: LHB Bobby Johnson
|
0-0: Ball 1-0: Ball 2-0: Ball 3-0: Base on Balls
|
Batting: RHB Xavier Robinson
|
0-0: Ball 1-0: Swinging Strike 1-1: Ball 2-1: SINGLE (Line Drive, 8LS, EV 110.0 MPH) Bobby Johnson to second
|
Batting: RHB Josh Jones
|
0-0: Ball 1-0: SINGLE (Line Drive, 89S, EV 89.4 MPH) Bobby Johnson to third Xavier Robinson to second
|
Batting: LHB Kyle Diaz
|
0-0: Fly out, F9 (Flyball, 9LM, EV 95.0 MPH) Runner from 3rd tags up, SCORES, no throw by RF
|
Batting: RHB Chad Gutshall
|
0-0: Ball 1-0: Ball 2-0: Called Strike 2-1: Ball 3-1: Swinging Strike 3-2: Base on Balls Xavier Robinson to third Josh Jones to second
|
Batting: SHB Nelson Empasis
|
0-0: Called Strike 0-1: Foul Ball, location: 5DF 0-2: Ball 1-2: Ball 2-2: Foul Ball, location: 2F 2-2: Foul Ball, location: 9LMF 2-2: Ball 3-2: Strikes out swinging
|
Top of the 8th over - 1 run, 2 hits, 0 errors, 3 left on base; Springfield 7 - Arkansas 3 |
BOTTOM OF THE 8TH |
Arkansas Travelers batting - Pitching for Springfield Cardinals : RHP Dave Dugles
|
Batting: LHB Josh Armstrong
|
0-0: Foul Ball, location: 2F 0-1: Swinging Strike 0-2: Ball 1-2: Ball 2-2: Strikes out swinging
|
Batting: RHB Randy Zito
|
0-0: Called Strike 0-1: Foul Ball, location: 2F 0-2: Foul Ball, location: 2F 0-2: Ball 1-2: Strikes out looking
|
Batting: LHB Chris Scranton
|
0-0: Foul Ball, location: 7LSF 0-1: Ball 1-1: Ball 2-1: Swinging Strike 2-2: Strikes out looking
|
Bottom of the 8th over - 0 runs, 0 hits, 0 errors, 0 left on base; Springfield 7 - Arkansas 3 |
TOP OF THE 9TH |
Springfield Cardinals batting - Pitching for Arkansas Travelers : LHP Armando Vega
|
Batting: RHB Pat Ingles
|
0-0: Called Strike 0-1: Ball 1-1: Ball 2-1: Called Strike 2-2: Ball 3-2: Foul Ball, location: 9LDF 3-2: Base on Balls
|
Batting: RHB Carlos Rivera
|
0-0: Fielders Choice at 2nd, 5-4 (Groundball, 56, EV 98.8 MPH)
|
Batting: LHB Brian MacNeil
|
0-0: Called Strike 0-1: Ground out 5-3 (Groundball, 56S, EV 70.0 MPH) Carlos Rivera to second
|
Batting: LHB Bobby Johnson
|
0-0: Ball 1-0: DOUBLE (Flyball, 78D, EV 94.4 MPH) Carlos Rivera scores
|
Batting: RHB Xavier Robinson
|
0-0: Foul Ball, location: 2F 0-1: Ball 1-1: Fly out, F9 (Flyball, 9D, EV 110.0 MPH)
|
Top of the 9th over - 1 run, 1 hit, 0 errors, 1 left on base; Springfield 8 - Arkansas 3 |
BOTTOM OF THE 9TH |
Arkansas Travelers batting - Pitching for Springfield Cardinals : RHP Dave Dugles
|
Pitching: RHP Alex Rodriquez
|
|
Batting: RHB Rúbem Dundas
|
0-0: Fly out, F9 (Flyball, 89D, EV 95.0 MPH)
|
Batting: RHB Jim Cook
|
0-0: Ball 1-0: Swinging Strike 1-1: Foul Ball, location: 2F 1-2: Ball 2-2: Strikes out swinging
|
Batting: RHB Adam Thatcher
|
0-0: Swinging Strike 0-1: Ball 1-1: Called Strike 1-2: Strikes out swinging
|
Bottom of the 9th over - 0 runs, 0 hits, 0 errors, 0 left on base; Springfield 8 - Arkansas 3 |
|